woodfighter, neutral female human Wizard --------------------- --....||..........I..| |..`..||...........|.| |.....||..<........|.| |....--|...........|.| ---.-- |...........|.| |..---------------|.| |.........*.......|.| |.`......|........|.| --.---..---..|...>.|.| |..--..---..--.-----.| |.............*......| -------------------..| ---- woodfighter the Thaumaturge Experience level: 7 Strength: 10 Dexterity: 13 Constitution: 14 Intelligence: 15 Wisdom: 19 Charisma: 9 Health: 0(47) Energy: 50(96) Def: 1 Gold: 139 Moves: 4449 Dungeon seed: uAu99xyL0xvavSzs Game ID: woodfighter_1455142578 Your Inventory: Coins $ - 139 gold pieces Weapons a - a blessed +1 quarterstaff (weapon in hands) Armor e - an uncursed +0 cloak of magic resistance (being worn) Comestibles w - an uncursed clove of garlic z - 2 uncursed cram rations F - an uncursed tripe ration J - an uncursed tin of spinach S - 6 uncursed food rations Scrolls i - a cursed scroll of destroy armor Potions j - an uncursed potion of gain ability Rings c - an uncursed ring of searching g - an uncursed ring of invisibility T - a cursed -1 ring of gain constitution X - a cursed ring of levitation Wands d - a wand of nothing (0:7) f - a wand of speed monster (0:6) k - a wand of polymorph (0:6) A - a wand of create monster (0:10) D - a wand of striking (0:6) U - a wand of slow monster (0:7) Tools b - an uncursed blindfold L - an uncursed tallow candle (0:200) Spells and supernatural/magical abilities: Name Level Category Fail Memory a - force bolt 1 attack 0% 78% m - magic missile 2 attack 0% 91% w - wizard lock 2 matter 65% 78% W - pray for help -- divine ? -- Your skills at the end: Miscellaneous Skills wands [Basic] Weapon Skills quarterstaff [Basic] Spellcasting Skills attack spells [Skilled] enchantment spells [Basic] Final Attributes: You were stridently aligned. You were magic-protected. You were blinded. You are dead. Vanquished creatures: a leprechaun an iron piercer an orc mummy a brown pudding a gold golem a werewolf 2 ravens 2 human zombies 3 fire ants a rock mole a pony a fog cloud 2 gnome lords 2 elf zombies a straw golem 2 paper golems a giant ant a floating eye a kitten 2 iguanas 3 hill orcs a rothe a rabid rat a centipede 2 giant bats 2 orc zombies a gas spore a hobbit an acid blob 2 large kobolds 2 geckos a hobgoblin 3 giant rats 2 cave spiders a brown mold a yellow mold a green mold a red mold 9 garter snakes 10 manes a gnome zombie 5 jackals a fox a kobold 4 newts 2 goblins a sewer rat 9 grid bugs 3 bats 8 lichens 109 creatures vanquished. Voluntary challenges: You did not adorn yourself with jewelry or accessories. You were an atheist. You used a wielded weapon 30 times, starting on turn 23. You did not apply a unicorn horn. You read items or engraved 2 times, starting on turn 2605. You never genocided any monsters. You never polymorphed an object. You never changed form. You cheated in Sokoban 1 time, without finishing. You used no wishes. You never split a pudding. You never wrote Elbereth's name. You violated your moral code, losing 9 points of alignment, starting on turn 1720. Dungeon overview: The Dungeons of Doom: levels 1 to 9 Level 1 a long staircase Level 2 a general store Level 3 Level 4 stairs to The Gnomish Mines Level 5 a fountain Level 6 a fountain Level 7 many fountains Level 8 a fountain stairs to Sokoban Level 9 The Gnomish Mines: Level 5 stairs to The Dungeons of Doom Sokoban: levels 5 to 7 Level 5 <- You were here Level 6 Level 7 a magic chest stairs to The Dungeons of Doom History has recorded: On T:1 you entered the Dungeons of Doom to retrieve the Amulet of Yendor! On T:131 you reached level 2 of The Dungeons of Doom. On T:329 you reached level 3 of The Dungeons of Doom. On T:381 you advanced to experience level 2. On T:801 you reached level 4 of The Dungeons of Doom. On T:870 you advanced to experience level 3. On T:958 you reached level 1 of The Gnomish Mines. On T:1067 you reached level 5 of The Dungeons of Doom. On T:1300 you advanced to experience level 4. On T:1421 you reached level 6 of The Dungeons of Doom. On T:1463 you advanced to experience level 5. On T:1788 you reached level 7 of The Dungeons of Doom. On T:2282 you reached level 8 of The Dungeons of Doom. On T:2402 you advanced to experience level 6. On T:2429 you reached level 9 of The Dungeons of Doom. On T:2513 you reached level 4 of Sokoban. On T:2604 you opened a magic chest. On T:2607 you opened a magic chest. On T:2608 you opened a magic chest. On T:2609 you opened a magic chest. On T:2881 you reached level 3 of Sokoban. On T:3563 you reached level 2 of Sokoban. On T:4081 you advanced to experience level 7. Score breakdown: Gold: 139 ( 13 points) Experience: 7 levels ( 600 points) Exploration: 9 levels ( 240 points) Discoveries: 4 items ( 200 points) Variety of kills: 50 monsters ( 2000 points) Major goal: (nothing yet) ( 0 points) Survival: died (score multiplied by 3) Total score: 9159 Latest messages: You put 3 scrolls labeled HACKEM MUCHE into the magic chest. You put a scroll labeled DAIYEN FOOELS into the magic chest. (2x) You put a scroll labeled YUM YUM into the magic chest. You put a scroll labeled XIXAXA XOXAXA XUXAXA into the magic chest. You put a scroll labeled VE FORBRYDERNE into the magic chest. You put 3 unlabeled scrolls into the magic chest. You put 4 unlabeled scrolls into the magic chest. You put 2 scrolls called earth into the magic chest. You put a scroll labeled THARR into the magic chest. You put a scroll labeled PRATYAVAYAH into the magic chest. You put a blessed spellbook of force bolt into the magic chest. You put a velvet spellbook into the magic chest. You put a gray spellbook into the magic chest. You put an uncursed spellbook of wizard lock into the magic chest. You put a potion of oil into the magic chest. You put a purple-red potion into the magic chest. You put a brown potion into the magic chest. You put a puce potion into the magic chest. The magic missile hits it. Something hits you! You die... Final status: Goodbye woodfighter the Wizard, killed by a gnome king... You died in Sokoban on dungeon level 5 with 9159 points, and 139 pieces of gold, after 4449 moves. You were level 7 with a maximum of 47 hit points when you died.